 Dungeon Crawl Stone Soup version 0.22-a0-307-g2b15929 (webtiles) character file.

190 xccam the Chopper (level 6, -3/47 HPs)
             Began as a Formicid Fighter on Apr 1, 2018.
             Slain by Crazy Yiuf
             ... wielding a +4 quarterstaff of chaos
              (12 damage)
             ... on level 2 of the Dungeon.
             The game lasted 00:04:51 (1962 turns).

xccam the Chopper (Formicid Fighter)                Turns: 1962, Time: 00:04:52

Health: -3/47      AC:  6    Str: 23    XL:     6   Next: 1%
Magic:  2/6        EV:  8    Int:  7    God:
Gold:   57         SH:  9    Dex: 10    Spells: 5/5 levels left

rFire    . . .     SeeInvis +   a - +0 war axe
rCold    . . .     Gourm    .   c - +0 shield
rNeg     . . .     Faith    .   b - +0 scale mail
rPois    .         Spirit   .   (helmet unavailable)
rElec    .         Reflect  .   (no cloak)
rCorr    .         Harm     .   (no gloves)
MR       .....                  (no boots)
Stlth    ..........             (no amulet)
HPRegen  0.15/turn              (no ring)
MPRegen  0.10/turn              (no ring)

@: very slightly contaminated, invisible
A: permanent stasis, dig shafts and tunnels, four strong arms, antennae 3
a: Dig, Shaft Self


You were on level 2 of the Dungeon.
You were near starving.

You visited 1 branch of the dungeon, and saw 2 of its levels.

You collected 57 gold pieces.

Inventory:

Hand Weapons
 a - a +0 war axe (weapon)
Armour
 b - a +0 scale mail (worn)
 c - a +0 shield (worn)
Scrolls
 g - a scroll of remove curse {unknown}
 i - a scroll of identify {unknown}
 j - 3 scrolls of enchant armour {unknown}
 k - 3 scrolls of fear {unknown}
 l - a scroll of amnesia {unknown}
 m - a scroll of immolation {unknown}
 n - a scroll of blinking {unknown}
 o - a scroll of enchant weapon {unknown}
Potions
 d - a potion of might
 e - a potion of cancellation {unknown}
 h - 3 potions of curing {unknown}
Comestibles
 f - 4 rations


   Skills:
 - Level 3.2 Fighting
 + Level 5.7 Axes
 - Level 3.2 Armour
 - Level 3.6 Shields


You had 5 spell levels left.
You didn't know any spells.

Dungeon Overview and Level Annotations

Branches:
Dungeon (2/15)

Altars:
Trog

Annotations:
D:2 Crazy Yiuf


Innate Abilities, Weirdness & Mutations

You cannot be hasted, slowed, berserked, paralysed or teleported.
You can dig through walls and to a lower floor.
Your four strong arms can wield two-handed weapons with a shield.
You have a pair of large antennae on your head. (SInv)


Message History

Crazy Yiuf whimpers, "Line!"
Crazy Yiuf hits you but does no damage.
Crazy Yiuf hits you with a quarterstaff of chaos!
Space bends around you.
Crazy Yiuf hits you with a quarterstaff of chaos!
* * * LOW HITPOINT WARNING * * *
Crazy Yiuf hits you but does no damage.
Crazy Yiuf hits you with a quarterstaff of chaos!
* * * LOW HITPOINT WARNING * * *
Crazy Yiuf freezes you.
Crazy Yiuf hits you with a quarterstaff of chaos.
* * * LOW HITPOINT WARNING * * *
You fade into invisibility!
You are very lightly contaminated with residual magic.
You turn to flesh and can move again.
You slash Crazy Yiuf!
Crazy Yiuf is heavily wounded.
Crazy Yiuf screams, "Candle bush rumpyflump!"
Crazy Yiuf hits you with a quarterstaff of chaos!
You die...

############ #.#
#.# ...........#
#.# #.#
##.###...#.# #.#
#.# #........##
### #.#
#####...## #.#
##### #.# ####
#####.# #)..###
##P.#..#
#..g@.####......#
#...##..#.P....##
#### ###.#.P.###
#######


You could see Crazy Yiuf.

Vanquished Creatures
  A sky beast (D:2)
  Jessica (D:2)
  An adder (D:2)
  4 dart slugs (D:1)
  A leopard gecko (D:1)
  5 giant cockroaches
  4 goblins (D:1)
  3 hobgoblins
  8 jackals
  3 quokkas (D:2)
  4 bats
  2 frilled lizards
  8 kobolds
  6 rats
51 creatures vanquished.

Notes
Turn   | Place    | Note
-------+----------+-------------------------------------------
     0 | D:1      | xccam the Formicid Fighter began the quest for the Orb.
     0 | D:1      | Reached XP level 1. HP: 18/18 MP: 1/1
    85 | D:1      | Reached XP level 2. HP: 19/24 MP: 2/2
   195 | D:1      | Reached skill level 3 in Axes
   447 | D:1      | Reached XP level 3. HP: 29/29 MP: 3/3
  1016 | D:2      | Reached skill level 4 in Axes
  1016 | D:2      | Reached XP level 4. HP: 29/35 MP: 4/4
  1060 | D:2      | Noticed Jessica
  1072 | D:2      | Killed Jessica
  1287 | D:2      | Found a faded altar of an unknown god.
  1388 | D:2      | Found a runed door.
  1485 | D:2      | Noticed a sky beast
  1490 | D:2      | Killed a sky beast
  1490 | D:2      | Reached skill level 5 in Axes
  1490 | D:2      | Reached XP level 5. HP: 32/41 MP: 5/5
  1529 | D:2      | Found a bloodstained altar of Trog.
  1762 | D:2      | Reached XP level 6. HP: 47/47 MP: 6/6
  1948 | D:2      | Noticed Crazy Yiuf
  1962 | D:2      | Slain by Crazy Yiuf

Vault maps used:
D:1:      mrwooster_arrival_statue_3
D:2:      lemuel_crystal_altar, chequers_ecumenical_altar_simple_redux,
          grunt_ministairs_6, uniq_jessica, uniq_crazy_yiuf_cottage

Skill      XL: |  1  2  3  4 |
---------------+-------------+-----
Axes           | 3 4 5 |  5.7
Fighting       | |  3.2
Armour         | |  3.2
Shields        | |  3.6

Action                   |  1- 3 |  4- 6 || total
-------------------------+-------+-------++-------
Melee: War axe           |   103 |    57 ||   160
 Abil: Dig               |     1 |       ||     1
  Eat: Chunk             |       |     2 ||     2
Armor: Scale mail        |    67 |    21 ||    88
Dodge: Dodged            |    40 |    10 ||    50
Block: Shield            |    46 |    27 ||    73

Table legend:
 A = Spawn XP
 B = Non-spawn XP
 C = Spawn XP percentage of total XP
 D = Spawn monster count
 E = Non-spawn monster count
 F = Spawn count percentage of total count
 G = Total turns spent on level
                    A         B        C        D         E        F      G
               +---------+---------+-------+---------+---------+-------+---------
         Total |       0 |     272 |   0.0 |       0 |      51 |   0.0 |  1962
               +---------+---------+-------+---------+---------+-------+---------
           D:1 |       0 |      62 |   0.0 |       0 |      32 |   0.0 |  1004
           D:2 |       0 |     210 |   0.0 |       0 |      19 |   0.0 |   958
               +---------+---------+-------+---------+---------+-------+---------
